 Dungeon Crawl Stone Soup version 0.18-a0-1484-g95ebbe1 (webtiles) character file.

4477 MenacingMecha the Thaumaturge (level 10, -1/56 HPs)
             Began as a Deep Elf Conjurer on Mar 3, 2016.
             Was a Priest of Sif Muna.
             Slain by a yak (12 damage)
             ... on level 8 of the Dungeon.
             The game lasted 00:58:07 (10524 turns).

MenacingMecha the Thaumaturge (Deep Elf Conjurer)  Turns: 10524, Time: 00:58:08

Health: -1/56      AC: 10    Str:  7    XL:     10   Next: 15%
Magic:  2/23       EV: 15    Int: 24    God:    Sif Muna [***...]
Gold:   461        SH:  4    Dex: 15    Spells: 7 memorised, 8 levels left

rFire  + . .     SeeInvis .     h - +0 hand axe
rCold  + . .     Gourm    .     y - +2 robe {rC+ rF+}
rNeg   . . .     Faith    .     (no shield)
rPois  .         Spirit   .     g - +2 helmet
rElec  .         Dismiss  .     o - +0 cloak
rCorr  .         Reflect  +     (no gloves)
SustAt .         Harm     .     s - +1 pair of boots
MR     +....                    d - +4 amulet of reflection
Stlth  +++.......               (no ring)
                                (no ring)

@: somewhat resistant to hostile enchantments, fairly stealthy
A: low mp 1, strong 1, subdued magic 1
a: Channel Energy, Renounce Religion


You were on level 8 of the Dungeon.
You worshipped Sif Muna.
Sif Muna was most pleased with you.
You were hungry.

You visited 2 branches of the dungeon, and saw 9 of its levels.
You also visited: Sewer and Ossuary.

You collected 481 gold pieces.
You spent 20 gold pieces at shops.

Inventory:

Hand Weapons
 h - a +0 hand axe (weapon)
 p - a +2 scimitar of flaming
 N - a +1 long sword of pain
Armour
 g - a +2 helmet (worn)
 k - a +1 robe of cold resistance
 o - a +0 cloak (worn)
 s - a +1 pair of boots (worn)
 y - a +2 robe of resistance (worn)
 B - a +2 robe of positive energy
Jewellery
 d - a +4 amulet of reflection (around neck)
 P - an uncursed ring of fire
Wands
 F - a wand of hasting (6/9)
 G - a wand of paralysis (5/24)
Scrolls
 e - a scroll of amnesia
 j - 4 scrolls of remove curse
 l - 7 scrolls of teleportation
 m - 3 scrolls of identify
 n - a scroll of enchant armour
 r - 2 scrolls of recharging
Potions
 a - a potion of haste
 q - 4 potions of heal wounds
 t - 2 potions of agility
 v - 2 potions of might
 w - 3 potions of flight
 M - a potion of cancellation
Books
 b - a book of Conjurations

   Spells                             Type                      Level
   a - Magic Dart                     Conjuration                  1
   b - Searing Ray                    Conjuration                  2
   c - Dazzling Spray                 Conjuration/Hexes            3
   d - Fulminant Prism                Conjuration/Hexes            4
   e - Iskenderun's Mystic Blast      Conjuration                  4
   f - Iskenderun's Battlesphere      Conjuration/Charms           5
 i - a book of Debilitation

   Spells                             Type                      Level
   a - Corona                         Hexes                        1
   b - Slow                           Hexes                        2
   c - Gell's Gravitas                Hexes/Translocation          3
   d - Inner Flame                    Hexes/Fire                   3
   e - Cause Fear                     Hexes                        4
   f - Leda's Liquefaction            Hexes/Earth                  4
Comestibles
 c - 4 bread rations
 f - 6 fruits
 C - 3 meat rations
 E - a royal jelly
 I - a slice of pizza
 O - a beef jerky


   Skills:
 + Level 3.1 Fighting
 + Level 5.0 Dodging
 - Level 5.1 Stealth
 - Level 10.0 Spellcasting
 * Level 9.1 Conjurations
 * Level 8.1 Hexes
 - Level 8.0 Charms


You had 8 spell levels left.
You knew the following spells:

 Your Spells              Type           Power        Failure   Level  Hunger
a - Magic Dart            Conj           ####         0%          1    None
b - Searing Ray           Conj           #####.       1%          2    None
c - Dazzling Spray        Conj/Hex       #####...     1%          3    None
d - Iskenderun's Mystic   Conj           #####...     1%          4    #......
e - Iskenderun's Battles  Conj/Chrm      #####...     1%          5    ####...
f - Fulminant Prism       Conj/Hex       #####.....   1%          4    #......
g - Slow                  Hex            ####....     1%          2    None


Dungeon Overview and Level Annotations

Branches:
Dungeon (8/15)             Temple (1/1) D:4
   Lair: D:8-11

Altars:
Cheibriados
Elyvilon
Fedhas
Nemelex Xobeh
Okawaru
Qazlal
Sif Muna
Trog
Xom
Yredelemnul
Zin
The Shining One

Shops:
D:5 [

Annotations:
D:4 namelastname112's ghost, amateur HOMo


Innate Abilities, Weirdness & Mutations

Your magical capacity is low (-10% MP).
Your muscles are strong. (Str +2)
Your spells are a little easier to cast, but a little less powerful.


Message History

The yak gores you but does no damage.
Casting: Iskenderun's Battlesphere
Confirm with . or Enter, or press ? or * to list all spells.
You don't have enough magic to cast that spell.
Unknown command.
You channel some magical energy.
You feel somewhat more hungry. The yak gores you.
* * * LOW HITPOINT WARNING * * *
Casting: Iskenderun's Battlesphere
Confirm with . or Enter, or press ? or * to list all spells.
Aiming: Magic Dart
Press: ? - help, Shift-Dir - straight line, f/p - yak
Aim: a yak (heavily wounded)
The magic dart hits the yak.
The yak is heavily wounded.
Your battlesphere fires!
The barrage of energy hits the yak.
The yak is severely wounded.
The yak gores you!
You die...

.#..## #.........#
###..## #######...####
# ###.## ###....#..# #
#..####### ##.......#
#
##.......###..#######
## ##..###.....## .##
#### ##....# ..##
##....# #..# #..##@##
#..# ###.###Y.# ##.#
##..## #.## #.# #.)##
##*# #># ##..# ##.##
#.# #...###.##
#.#####.......#
#...#........##
###...........########


You could see a yak and a friendly battlesphere.

Vanquished Creatures
  Erica (D:8)
  2 yaks (D:8)
  A hippogriff (D:7)
  Menkaure (D:7)
  An ice beast (D:7)
  A sky beast (D:7)
  2 orc warriors
  A black bear (D:7)
  An ogre (D:4)
  2 phantoms (D:4)
  6 centaurs
  A big kobold (Sewer)
  An elf zombie (Ossuary)
  4 giant frogs
  3 scorpions
  6 killer bees (D:8)
  A howler monkey (D:4)
  A lava snake (D:7)
  4 hounds
  A jelly (D:4)
  5 orc priests
  A centaur zombie (Ossuary)
  2 human zombies (Ossuary)
  A centaur skeleton (D:7)
  4 orc wizards
  2 giant frog skeletons (D:5)
  Jessica (D:3)
  3 iguanas
  4 worker ants
  4 big kobold zombies (Ossuary)
  3 mummies (Ossuary)
  2 howler monkey skeletons
  A howler monkey zombie (D:6)
  5 adders
  3 river rats (D:3)
  A shadow imp (D:6)
  An ooze (D:2)
  8 adder zombies (Ossuary)
  An adder skeleton (D:4)
  5 worms
  A dart slug (D:2)
  4 giant geckos
  18 orcs
  3 giant cockroaches
  A gnoll zombie (Ossuary)
  13 goblins
  6 hobgoblins
  9 jackals
  4 quokkas
  5 ball pythons
  8 bats
  3 giant gecko skeletons
  A giant gecko zombie (D:7)
  6 giant newts
  3 goblin zombies
  2 hobgoblin zombies (Ossuary)
  2 jackal zombies (Ossuary)
  21 kobolds
  3 kobold zombies (Ossuary)
  An orc zombie (Ossuary)
  2 quokka skeletons (D:7)
  2 quokka zombies (Ossuary)
  12 rats
  6 rat zombies
234 creatures vanquished.

Notes
Turn   | Place    | Note
--------------------------------------------------------------
     0 | D:1      | MenacingMecha the Deep Elf Conjurer began the quest for the Orb.
     0 | D:1      | Reached XP level 1. HP: 10/10 MP: 6/6
   361 | D:1      | Reached XP level 2. HP: 12/15 MP: 8/8
   430 | D:1      | Learned a level 2 spell: Searing Ray
   840 | D:2      | Reached skill level 4 in Spellcasting
  1021 | D:2      | Reached XP level 3. HP: 19/19 MP: 8/10
  1028 | D:2      | Learned a level 3 spell: Dazzling Spray
  1150 | D:2      | Found an iron altar of Okawaru.
  1159 | D:2      | Reached skill level 5 in Conjurations
  1992 | D:3      | Reached XP level 4. HP: 24/24 MP: 7/12
  1995 | D:3      | Found a glowing drain.
  2097 | D:3      | Reached skill level 5 in Spellcasting
  2270 | Sewer    | Entered a sewer
  2304 | Sewer    | Learned a level 4 spell: Iskenderun's Mystic Blast
  2330 | Sewer    | Noticed a big kobold
  2341 | Sewer    | Killed a big kobold
  2341 | Sewer    | Reached XP level 5. HP: 25/28 MP: 2/15
  2462 | Sewer    | Learned a level 5 spell: Iskenderun's Battlesphere
  2649 | Sewer    | Reached skill level 6 in Spellcasting
  2987 | D:3      | Reached skill level 1 in Charms
  3426 | D:3      | Found a faded altar to an unknown god.
  3599 | D:3      | Reached XP level 6. HP: 32/32 MP: 13/17
  3697 | D:3      | Noticed Jessica
  3733 | D:3      | Killed Jessica
  4005 | D:4      | Reached skill level 7 in Spellcasting
  4286 | D:4      | Reached XP level 7. HP: 36/36 MP: 8/19
  4383 | D:4      | Found a staircase to the Ecumenical Temple.
  4412 | D:4      | Reached skill level 5 in Charms
  4521 | D:4      | Noticed namelastname112's ghost (amateur HOMo)
  4811 | Temple   | Entered the Ecumenical Temple
  4825 | Temple   | Became a worshipper of Sif Muna the Loreminder
  5059 | D:4      | Reached skill level 8 in Spellcasting
  5216 | D:4      | Found a glowing silver altar of Zin.
  5306 | D:4      | Learned a level 4 spell: Fulminant Prism
  5551 | D:5      | Entered Level 5 of the Dungeon
  5619 | D:5      | Found a bloodstained altar of Trog.
  5627 | D:5      | Found a sand-covered staircase.
  5723 | Ossuary  | Entered an ossuary
  5791 | Ossuary  | Reached skill level 9 in Spellcasting
  5942 | Ossuary  | Reached * piety under Sif Muna
  5942 | Ossuary  | Reached skill level 1 in Hexes
  6055 | Ossuary  | Reached XP level 8. HP: 41/41 MP: 17/23
  7003 | D:5      | Found a glowing golden altar of the Shining One.
  7246 | D:5      | Found a stormy altar of Qazlal.
  7297 | D:5      | Found Ykocwibu's Antique Armour Emporium.
  7318 | D:5      | Bought a runed robe for 20 gold pieces
  7530 | D:5      | Reached ** piety under Sif Muna
  8133 | D:6      | Found a white marble altar of Elyvilon.
  8133 | D:6      | Found a snail-covered altar of Cheibriados.
  8269 | D:6      | Reached skill level 1 in Fighting
  8290 | D:6      | Found a white marble altar of Elyvilon.
  8425 | D:6      | Reached skill level 10 in Spellcasting
  8695 | D:6      | Reached skill level 5 in Hexes
  8882 | D:6      | Learned a level 2 spell: Slow
  8929 | D:7      | Reached XP level 9. HP: 47/47 MP: 15/25
  9260 | D:7      | Noticed Menkaure
  9265 | D:7      | Killed Menkaure
  9308 | D:7      | Reached *** piety under Sif Muna
  9662 | D:7      | Reached skill level 5 in Stealth
  9908 | D:7      | Gained mutation: Your magical capacity is low (-10% MP). [potion of mutation]
  9908 | D:7      | Gained mutation: Your muscles are strong. (Str +2) [potion of mutation]
  9908 | D:7      | Gained mutation: Your spells are a little easier to cast, but a little less powerful. [potion of mutation]
 10248 | D:8      | Noticed Erica
 10261 | D:8      | Killed Erica
 10261 | D:8      | Reached XP level 10. HP: 17/55 MP: 4/23
 10501 | D:8      | Reached skill level 5 in Dodging
 10524 | D:8      | Slain by a yak

Vault maps used:
D:1:      evilmike_arrival_crescent
D:2:      okawaru_gym_becter, first_bread
D:3:      ecumenical_altar_1, portal_sewer_entry_b, serial_park_tiny_pond,
          kennysheep_jessica_study
D:4:      zin_academy, minmay_temple_entry_glass, serial_park_tiny_1,
          serial_bayou_pond_b
D:5:      bloody_trog, tso_metal_star, serial_shops, shop_coins,
          enter_ossuary_4, hangedman_abyss_or_decor_stabs, grunt_qazlal_clouds
D:6:      gammafunk_temple_overflow_wave, basic_altar
D:7:      kennysheep_dice, uniq_menkaure
D:8:      uniq_erica
Temple:   nicolae_temple_god_jail
Sewer:    kennysheep_pipe_town
Ossuary:  minmay_ossuary_two_tombs

Skill      XL: |  1  2  3  4  5  6  7  8  9 10 |
---------------+-------------------------------+-----
Spellcasting   | 4 5 6 7 9 10 | 10.0
Conjurations   | 5 6 7 8 9 |  9.1
Charms         | 2 4 7 8 |  8.0
Hexes          | 1 5 7 8 |  8.1
Fighting       | 1 2 3 |  3.1
Dodging        | 3 4 5 |  5.0
Stealth        | 5 |  5.1

Action                   |  1- 3 |  4- 6 |  7- 9 | 10-12 || total
-------------------------+-------+-------+-------+-------++-------
Melee: Hand axe          |    27 |    92 |    97 |       ||   216
       Unarmed           |     1 |       |       |       ||     1
 Cast: Magic Dart        |    66 |    87 |   295 |     9 ||   457
       Searing Ray       |     2 |    11 |     8 |     2 ||    23
       Dazzling Spray    |       |     7 |     3 |       ||    10
       Iskenderun's Myst |       |     4 |     3 |       ||     7
       Iskenderun's Batt |       |       |    28 |     2 ||    30
Invok: Channel Energy    |       |       |       |     1 ||     1
  Use: Potion            |       |     2 |    11 |       ||    13
       Scroll            |       |       |    11 |       ||    11
 Stab: Sleeping          |       |     2 |     2 |       ||     4
  Eat: Chunk             |     3 |     7 |    14 |     1 ||    25
       Beef jerky        |       |     1 |       |       ||     1
       Meat ration       |       |       |     1 |       ||     1
       Bread ration      |       |       |     1 |       ||     1
